 Dungeon Crawl Stone Soup version 0.28.0 (webtiles) character file.

Game seed: 17895136321698263259

358 ragingrage the Chopper (level 6, -3/57 HPs)
             Began as a Minotaur Berserker on Feb 4, 2022.
             Was a Priest of Trog.
             Slain by a black bear (4 damage)
             ... on level 4 of the Dungeon.
             The game lasted 00:01:45 (2801 turns).

ragingrage the Chopper (Minotaur Berserker)         Turns: 2801, Time: 00:01:46

Health: -3/57      AC: 11    Str: 23    XL:     6   Next: 37%
Magic:  5/5        EV: 11    Int:  4    God:    Trog [***...]
Gold:   129        SH:  0    Dex: 10    Spells: 5/5 levels left

rFire   + . .      SeeInvis .   a - +0 hand axe
rCold   . . .      Faith    .   (no shield)
rNeg    . . .      Spirit   .   b - quicksilver dragon scales
rPois   .          Reflect  .   (helmet restricted)
rElec   .          Harm     .   (no cloak)
rCorr   .          Rampage  .   c - +0 pair of gloves
Will    +....                   (no boots)
Stlth   ..........              (no amulet)
HPRegen 0.19/turn               k - ring of protection from fire
MPRegen 0.09/turn               (no ring)

@: on berserk cooldown, slowed, very slow
A: horns 2, retaliatory headbutt
a: Renounce Religion, Berserk, Trog's Hand


You were on level 4 of the Dungeon.
You worshipped Trog.
Trog was most pleased with you.
You visited 1 branch of the dungeon, and saw 4 of its levels.

You collected 129 gold pieces.

Inventory:

Hand Weapons
 a - a +0 hand axe (weapon)
Armour
 b - quicksilver dragon scales (worn)
 c - a +0 pair of gloves (worn)
Jewellery
 k - a ring of protection from fire (left hand)
Scrolls
 d - a scroll of summoning {unknown}
 e - a scroll of holy word {unknown}
 f - a scroll of torment {unknown}
 g - a scroll of fog {unknown}
 j - 2 scrolls of magic mapping {unknown}
 l - 2 scrolls of noise {unknown}
 m - 3 scrolls of enchant weapon {unknown}
 n - a scroll of fear {unknown}
Potions
 h - a potion of heal wounds {unknown}
 i - a potion of cancellation {unknown}
 o - a potion of lignification {unknown}


   Skills:
 + Level 5.7 Fighting
 * Level 7.4 Axes
 - Level 2.4 Armour
 - Level 2.1 Dodging


You had 5 spell levels left.
You didn't know any spells.
Your spell library was empty.

Dungeon Overview and Level Annotations

Branches:
Dungeon (4/15)
 Temple: D:4-7

Altars:
Kikubaaqudgha


Innate Abilities, Weirdness & Mutations

You have a pair of horns on your head.
You reflexively headbutt those who attack you in melee.


Message History

The black bear misses you.
The black bear goes berserk!
You hit the black bear but do no damage.
The black bear is severely wounded.
The black bear bites you.
* * * LOW HITPOINT WARNING * * *
The black bear claws you but does no damage. x2
The black bear bites you but does no damage.
The black bear claws you but does no damage. x2
You hit the black bear but do no damage.
The black bear is severely wounded.
The black bear bites you!
* * * LOW HITPOINT WARNING * * *
The black bear claws you but does no damage. x2
The black bear bites you but does no damage.
The black bear barely misses you.
The black bear claws you but does no damage.
You slash the black bear!
The black bear is almost dead.
The black bear bites you but does no damage.
The black bear claws you.
* * * LOW HITPOINT WARNING * * *
The black bear claws you but does no damage.
The black bear bites you but does no damage.
The black bear claws you but does no damage.
The black bear misses you.
You closely miss the black bear.
The black bear is almost dead.
The black bear bites you but does no damage.
The black bear claws you.
* * * LOW HITPOINT WARNING * * *
The black bear claws you.
* * * LOW HITPOINT WARNING * * *
The black bear bites you but does no damage.
The black bear claws you.
* * * LOW HITPOINT WARNING * * *
The black bear claws you but does no damage.
You hit the black bear. Your headbutt misses the black bear.
The black bear is almost dead.
The black bear bites you.
You die...

# .###### ### ..
....... ..#+##...
.......##........
.......#<.......[
......))..)......
+#####..)@h......
##.)........
#..........
####.......
....... .......
$...... .......


You could see a black bear (berserk).

Vanquished Creatures
  A wight (D:3)
  A hound (D:4)
  4 orc priests
  Terence (D:3)
  An orc wizard (D:3)
  3 adders
  An adder skeleton (D:4)
  A dart slug (D:1)
  9 orcs
  2 ball pythons
  7 endoplasms
  3 giant cockroaches (D:3)
  9 hobgoblins
  8 jackals
  5 quokkas
  4 bats
  3 frilled lizards (D:1)
  7 goblins
  7 kobolds
  3 rats
80 creatures vanquished.

Notes
Turn   | Place    | Note
-------+----------+-------------------------------------------
     0 | D:1      | ragingrage the Minotaur Berserker began the quest for the
                  | Orb.
     0 | D:1      | Reached XP level 1. HP: 19/19 MP: 0/0
    48 | D:1      | Reached skill level 4 in Axes
   198 | D:1      | Reached XP level 2. HP: 16/27 MP: 1/1
   560 | D:1      | Reached XP level 3. HP: 28/33 MP: 2/2
   667 | D:1      | Reached ** piety under Trog
  1029 | D:2      | Found a faded altar of an unknown god.
  1307 | D:2      | Reached skill level 5 in Axes
  1748 | D:3      | Reached XP level 4. HP: 41/41 MP: 3/3
  1793 | D:3      | Noticed Terence
  1804 | D:3      | Killed Terence
  1890 | D:3      | Reached skill level 6 in Axes
  1921 | D:3      | Reached skill level 5 in Fighting
  1921 | D:3      | Reached XP level 5. HP: 48/48 MP: 4/4
  2542 | D:3      | Found an ancient bone altar of Kikubaaqudgha.
  2776 | D:4      | Reached skill level 7 in Axes
  2780 | D:4      | Reached XP level 6. HP: 56/56 MP: 5/5
  2786 | D:4      | Reached *** piety under Trog
  2800 | D:4      | HP: 1/57 [black bear (2)]
  2801 | D:4      | Slain by a black bear

Illustrated notes

Levels and vault maps discovered:
D:1:      giann_bridges, layout_basic
D:2:      layout_basic, basic_ecumenical_altar
D:3:      layout_loops_corners, nicolae_kikubaaqudgha_miasma_corner,
          st_stairs_13, minmay_misc_feat_alley, minmay_crystal_water,
          solitary_fountain, grunt_decor_clamped, uniq_terence
D:4:      layout_basic, uniq_ijyb, uniq_duvessa

Skill      XL: |  1  2  3  4  5 |
---------------+----------------+-----
Axes           | 4 5 6 7 |  7.4
Fighting       | 4 5 |  5.7
Armour         | |  2.4
Dodging        | |  2.1

Action                   |  1- 3 |  4- 6 || total
-------------------------+-------+-------++-------
Melee: Hand axe          |    91 |    84 ||   175
       Headbutt          |     9 |     8 ||    17
       Punch             |       |     1 ||     1
Invok: Berserk           |     3 |     4 ||     7
Armor: Animal skin       |    27 |       ||    27
       Quicksilver drago |     1 |    49 ||    50
       Chain mail        |     1 |       ||     1
Dodge: Dodged            |    63 |    48 ||   111
